 Dungeon Crawl Stone Soup version 0.27-a0-1065-ge809cff456 (webtiles) character file.

Game seed: 17044519404341655390

83 Nosferatu13666 the Sneak (level 4, 0/34 HPs)
             Began as a Spriggan Brigand on Apr 23, 2021.
             Succumbed to an adder's poison
             ... on level 2 of the Dungeon.
             The game lasted 00:08:47 (2068 turns).

Nosferatu13666 the Sneak (Spriggan Brigand)         Turns: 2068, Time: 00:08:48

Health: 0/34       AC: 22    Str:  7    XL:     4   Next: 22%
Magic:  5/5        EV:  4    Int: 12    God:
Gold:   70         SH:  0    Dex: 17    Spells: 3/3 levels left

rFire    . . .     SeeInvis +   d - +1 dagger (vamp)
rCold    + . .     Faith    .   (shield restricted)
rNeg     + + +     Spirit   .   (armour currently unavailable)
rPois    +         Reflect  .   (helmet currently unavailable)
rElec    .         Harm     .   (cloak currently unavailable)
rCorr    .         Rampage  .   (gloves unavailable)
Will     .....     NoTele   +   (boots unavailable)
Stlth    ++++......             (no amulet)
HPRegen  0.11/turn              k - ring of protection from cold
MPRegen  0.09/turn              (no ring)

@: brilliant, lethally poisoned (0 -> -2), tree-form, attractive
A: stationary, stasis, torment immunity, boosted hp, very small, no large
weapons, unfitting armour, see invisible, (speed 3)
a: no special abilities


You were on level 2 of the Dungeon.
You were a tree.
You visited 1 branch of the dungeon, and saw 2 of its levels.

You collected 70 gold pieces.

Inventory:

Hand Weapons
 a - a +2 dagger
 d - a +1 vampiric dagger (weapon)
Missiles
 e - 2 curare-tipped darts
 f - 2 poisoned darts (quivered)
Armour
 b - a +0 robe (melded)
 c - a +1 cloak (melded)
Jewellery
 k - a ring of protection from cold (left branch)
Scrolls
 m - a scroll of teleportation {unknown}
Potions
 h - a potion of attraction
 i - a potion of mutation {unknown}
 j - a potion of berserk rage {unknown}
 l - a potion of brilliance


   Skills:
 + Level 1.8 Fighting
 + Level 2.7 Short Blades
 + Level 2.7 Throwing
 + Level 2.7 Dodging
 + Level 7.0 Stealth


You had 3 spell levels left.
You didn't know any spells.
Your spell library was empty.

Dungeon Overview and Level Annotations

Branches:
Dungeon (2/15)

Altars:

Annotations:
D:2 Natasha


Innate Abilities, Weirdness & Mutations

You are a tree.
Your roots penetrate the ground, keeping you stationary.
You cannot be teleported.
You are immune to unholy pain and torment.
Your maximum health is greatly increased.
Your equipment is partially melded.
You are very small and have problems with some larger weapons.
You are too small for most types of armour.
You have supernaturally acute eyesight. (SInv)
((You cover ground extremely quickly. (Speed+++)))


Message History

You are more poisoned.
The adder poisons you! The adder bites you but does no damage.
You hit the adder.
The adder is severely wounded.
You feel sick. The adder misses you.
You barely miss the adder.
The adder is severely wounded.
You feel sick.
The adder looks more healthy.
The adder misses you.
You barely miss the adder.
The adder is almost dead.
You feel sick. The adder misses you.
You closely miss the adder.
The adder is almost dead.
You feel sick. The adder misses you.
You barely miss the adder.
The adder is almost dead.
You feel sick. The adder bites you.
You are more poisoned.
The adder poisons you!
Throw: 3 darts (poison)
Press: ? - help, Q - select action, (/) - cycle Shift-Dir - straight line, f - adder
Aim: an adder (almost dead, 42% to hit)
You throw a poisoned dart. The poisoned dart hits the adder.
The adder is poisoned.
The adder is almost dead.
You feel sick. The adder bites you.
* * * LOW HITPOINT WARNING * * *
It was a potion of attraction.
You feel attractive to monsters.
* * * LOW HITPOINT WARNING * * *
You feel sick.
You kill the adder!
It was a potion of brilliance.
You feel clever all of a sudden.
* * * LOW HITPOINT WARNING * * *
You feel sick.
It was a potion of lignification.
You turn into a tree.
Your +1 cloak melds into your body.
Your +0 robe melds into your body.
Your roots penetrate the ground.
You die...

#......#..##########
##.....#..#
#.....#..# ######
.... #..####....#
#...[.#.......##.#
......##.#######.#
.....##.#.......#
....##.#.#######
#..##.#♣# #.##.#(#
#########......#
...........#.###
.............#
.............##
........(.).>.#
............$.#
..............#


There were no monsters in sight!

Vanquished Creatures
  2 adders
  A worm (D:1)
  4 dart slugs
  4 ball pythons
  4 bats
  2 endoplasms (D:1)
  6 giant cockroaches
  4 goblins (D:1)
  6 hobgoblins (D:1)
  3 jackals (D:1)
  2 quokkas
  2 frilled lizards
  5 kobolds (D:1)
  7 rats
52 creatures vanquished.

Vanquished Creatures (others)
  2 plants (D:1)
2 creatures vanquished.

Grand Total: 54 creatures vanquished

Notes
Turn   | Place    | Note
-------+----------+-------------------------------------------
     0 | D:1      | Nosferatu13666 the Spriggan Brigand began the quest for the
                  | Orb.
     0 | D:1      | Reached XP level 1. HP: 10/10 MP: 2/2
    37 | D:1      | Reached skill level 6 in Stealth
    67 | D:1      | Reached XP level 2. HP: 14/14 MP: 3/3
   763 | D:1      | Reached XP level 3. HP: 18/18 MP: 4/4
  1726 | D:2      | Noticed Natasha
  1895 | D:2      | Reached skill level 7 in Stealth
  1895 | D:2      | Reached XP level 4. HP: 18/23 MP: 5/5
  2067 | D:2      | HP: 1/23 [poisoned by an adder]
  2068 | D:2      | Succumbed to an adder's poison

Illustrated notes

Levels and vault maps discovered:
D:1:      dpeg_arrival_radiant, layout_rooms, serial_bayou_pond_a
D:2:      cheibrodos_helix_gallery, layout_basic, uniq_crazy_yiuf_cottage,
          uniq_natasha

Skill      XL: |  1  2  3 |
---------------+----------+-----
Stealth        | 6 7 |  7.0
Dodging        | 2 |  2.7
Fighting       | |  1.8
Short Blades   | |  2.7
Throwing       | |  2.7

Action                   |  1- 3 |  4- 6 || total
-------------------------+-------+-------++-------
Melee: Dagger            |   148 |    14 ||   162
Throw: Dart              |    32 |     6 ||    38
  Use: Scroll            |     2 |     1 ||     3
       Potion            |       |     3 ||     3
 Stab: Sleeping          |     5 |       ||     5
       Distracted        |     1 |       ||     1
Armor: Robe              |    18 |     2 ||    20
Dodge: Dodged            |   126 |    14 ||   140

Table legend: (Time is in decaauts)
 A = Elapsed time spent in this place.
 B = Non-inter-level travel time spent in this place.
 C = Inter-level travel time spent in this place.
 D = Time resting spent in this place.
 E = Time spent auto-exploring this place.
 F = Levels seen in this place.
 G = Mean time per level.
                   A        B        C        D        E       F      G
               +--------+--------+--------+--------+--------+-----+--------+
         Total |   1665 |   1632 |     33 |    153 |   1028 |   2 |  832.5 |
       Dungeon |   1665 |   1632 |     33 |    153 |   1028 |   2 |  832.5 |
               +--------+--------+--------+--------+--------+-----+--------+

Top non-repeatable levels by time:
     D:1: 1359 daAuts
     D:2: 306 daAuts
